[ AOE2 MATCH · #507372858 ]
UnrankedByzantines vs Berbers
Player's team · WIN
Rival team · LOSS
[ REPLAY ANALYSIS · EXTRACTED FROM THE RECORDED GAME ]
Feudal
10:19
Castle
27:52
Imperial
—
| APM avg | 59.7 |
| APM peak | 111 |
| eAPM avg | 26.3 |
| Villagers / military | 96 / 28 |
Focus
⚔️ 22.7% · 🌾 77.3%
Camel Scout ×20 · Spearman ×7 · Monk ×1
Feudal
9:53
Castle
23:33
Imperial
—
| APM avg | 55.7 |
| APM peak | 92 |
| eAPM avg | 20.5 |
| Villagers / military | 61 / 29 |
Focus
⚔️ 11.3% · 🌾 88.7%
Scout Cavalry ×8 · Knight ×5 · Battering Ram ×5 · Monk ×4 · Skirmisher ×4 · Camel Scout ×2
Match map
Initial resources + every placement click. Lines = walls · curves = elevation contours. ◆ gold · ⬟ stone · ● berries · ✦ relic · ◌ wall gap
Your base· ✓ Closed at 27:52 · 69t walls · 1 gate(s)
Racknagor's base· Open — opponent sealed themselves in
Smoothed initial terrain · ◌ = detected wall gap · hover for details
Inputs per minute
— SUMMER - - Racknagor
Build order — SUMMER
First 150 of 239 actions detected
| 0:01 | Create | Villager (Male) |
| 0:01 | Create | Villager (Male) |
| 0:01 | Create | Villager (Male) |
| 0:02 | Build | House |
| 0:03 | Create | Villager (Male) |
| 0:05 | Build | House |
| 1:36 | Create | Villager (Male) |
| 1:55 | Build | Lumber Camp |
| 2:04 | Create | Villager (Male) |
| 2:04 | Create | Villager (Male) |
| 2:21 | Create | Villager (Male) |
| 2:21 | Create | Villager (Male) |
| 2:52 | Create | Villager (Male) |
| 3:06 | Create | Villager (Male) |
| 3:26 | Build | House |
| 3:28 | Build | House |
| 3:47 | Build | House |
| 3:48 | Build | House |
| 3:59 | Create | Villager (Male) |
| 3:59 | Create | Villager (Male) |
| 4:24 | Create | Villager (Male) |
| 4:24 | Create | Villager (Male) |
| 4:30 | Build | Palisade Wall |
| 4:44 | Create | Villager (Male) |
| 4:44 | Create | Villager (Male) |
| 5:20 | Build | Mill |
| 5:20 | Create | Villager (Male) |
| 5:25 | Create | Villager (Male) |
| 5:27 | Create | Villager (Male) |
| 5:27 | Create | Villager (Male) |
| 5:35 | Create | Villager (Male) |
| 5:35 | Create | Villager (Male) |
| 6:24 | Create | Villager (Male) |
| 6:24 | Create | Villager (Male) |
| 6:35 | Create | Villager (Male) |
| 6:59 | Create | Villager (Male) |
| 7:27 | Create | Villager (Male) |
| 7:39 | Research | Loom |
| 7:48 | Research | Feudal Age |
| 7:52 | Build | Lumber Camp |
| 8:22 | Build | Palisade Wall |
| 9:13 | Build | Barracks |
| 9:16 | Build | House |
| 10:19 | Age | Feudal Age |
| 10:34 | Create | Spearman |
| 10:34 | Create | Spearman |
| 10:36 | Build | House |
| 10:40 | Create | Villager (Male) |
| 10:42 | Build | Mill |
| 10:47 | Research | Double-Bit Axe |
| 10:47 | Research | Double-Bit Axe |
| 10:51 | Create | Spearman |
| 10:51 | Create | Spearman |
| 10:52 | Create | Villager (Male) |
| 10:59 | Create | Spearman |
| 11:09 | Build | House |
| 11:14 | Create | Spearman |
| 11:20 | Build | Mining Camp |
| 11:28 | Create | Villager (Male) |
| 11:33 | Build | Farm |
| 11:35 | Build | Farm |
| 11:36 | Create | Villager (Male) |
| 11:39 | Create | Spearman |
| 12:01 | Create | Villager (Male) |
| 12:27 | Build | Watch Tower |
| 12:36 | Create | Villager (Male) |
| 12:37 | Build | Farm |
| 12:38 | Create | Villager (Male) |
| 12:38 | Create | Villager (Male) |
| 12:53 | Create | Villager (Male) |
| 12:55 | Build | Palisade Wall |
| 13:04 | Build | Palisade Wall |
| 13:04 | Build | Palisade Wall |
| 13:04 | Build | Palisade Wall |
| 13:04 | Build | Palisade Wall |
| 13:05 | Build | Palisade Wall |
| 13:05 | Build | Palisade Wall |
| 13:05 | Build | Palisade Wall |
| 13:05 | Build | Palisade Wall |
| 13:06 | Build | Palisade Wall |
| 13:08 | Create | Villager (Male) |
| 13:08 | Create | Villager (Male) |
| 13:29 | Build | Watch Tower |
| 13:37 | Build | Farm |
| 13:38 | Build | Farm |
| 13:52 | Build | Palisade Wall |
| 13:55 | Create | Villager (Male) |
| 14:06 | Create | Villager (Male) |
| 14:23 | Build | House |
| 14:32 | Build | Watch Tower |
| 14:43 | Build | Farm |
| 14:49 | Build | Blacksmith |
| 15:13 | Build | Palisade Wall |
| 15:24 | Create | Villager (Male) |
| 15:52 | Create | Villager (Male) |
| 15:54 | Build | Farm |
| 16:04 | Create | Villager (Male) |
| 16:05 | Create | Villager (Male) |
| 16:06 | Create | Villager (Male) |
| 16:26 | Create | Villager (Male) |
| 16:34 | Create | Villager (Male) |
| 16:37 | Create | Villager (Male) |
| 16:40 | Build | Stable |
| 16:57 | Create | Villager (Male) |
| 17:01 | Build | Watch Tower |
| 17:01 | Create | Villager (Male) |
| 17:03 | Create | Villager (Male) |
| 17:14 | Build | Farm |
| 17:14 | Build | Farm |
| 17:14 | Build | Farm |
| 17:15 | Build | Farm |
| 17:43 | Create | Villager (Male) |
| 17:43 | Create | Villager (Male) |
| 17:43 | Create | Villager (Male) |
| 17:59 | Build | Watch Tower |
| 18:06 | Create | Villager (Male) |
| 18:11 | Build | House |
| 18:18 | Research | Fletching |
| 18:18 | Research | Fletching |
| 18:24 | Build | Mining Camp |
| 18:31 | Research | Wheelbarrow |
| 18:51 | Create | Villager (Male) |
| 18:52 | Create | Villager (Male) |
| 18:59 | Create | Villager (Male) |
| 19:02 | Build | House |
| 19:12 | Create | Villager (Male) |
| 19:12 | Create | Villager (Male) |
| 19:40 | Create | Villager (Male) |
| 19:47 | Build | Watch Tower |
| 20:06 | Research | Scale Mail Armor |
| 20:06 | Research | Scale Mail Armor |
| 20:07 | Create | Villager (Male) |
| 20:07 | Create | Villager (Male) |
| 20:24 | Create | Villager (Male) |
| 20:26 | Build | Farm |
| 20:27 | Create | Villager (Male) |
| 20:27 | Create | Villager (Male) |
| 20:48 | Build | Watch Tower |
| 20:50 | Create | Villager (Male) |
| 20:51 | Create | Villager (Male) |
| 20:52 | Create | Villager (Male) |
| 21:08 | Build | House |
| 21:09 | Build | House |
| 21:22 | Create | Villager (Male) |
| 21:30 | Build | Market |
| 21:37 | Build | Watch Tower |
| 22:33 | Build | Watch Tower |
| 22:35 | Create | Villager (Male) |
| 22:37 | Build | House |
| 22:38 | Create | Villager (Male) |
Build order — Racknagor
First 150 of 172 actions detected
| 0:01 | Create | Villager (Male) |
| 0:01 | Create | Villager (Male) |
| 0:02 | Build | House |
| 0:04 | Build | House |
| 0:15 | Create | Villager (Male) |
| 0:15 | Create | Villager (Male) |
| 0:15 | Create | Villager (Male) |
| 1:41 | Create | Villager (Male) |
| 1:42 | Create | Villager (Male) |
| 2:19 | Create | Villager (Male) |
| 2:20 | Create | Villager (Male) |
| 2:52 | Create | Villager (Male) |
| 2:52 | Create | Villager (Male) |
| 2:52 | Create | Villager (Male) |
| 2:53 | Create | Villager (Male) |
| 2:53 | Create | Villager (Male) |
| 3:24 | Build | House |
| 3:56 | Build | Lumber Camp |
| 4:01 | Create | Villager (Male) |
| 4:24 | Create | Villager (Male) |
| 5:08 | Create | Villager (Male) |
| 5:08 | Create | Villager (Male) |
| 5:25 | Create | Villager (Male) |
| 5:25 | Create | Villager (Male) |
| 6:13 | Build | Mill |
| 6:30 | Build | House |
| 6:36 | Create | Villager (Male) |
| 7:08 | Create | Villager (Male) |
| 7:43 | Research | Feudal Age |
| 7:43 | Research | Feudal Age |
| 8:24 | Build | House |
| 8:34 | Build | Barracks |
| 8:42 | Create | Villager (Male) |
| 9:25 | Build | Farm |
| 9:26 | Build | Farm |
| 9:27 | Build | Farm |
| 9:53 | Age | Feudal Age |
| 9:58 | Build | Stable |
| 10:03 | Create | Villager (Male) |
| 10:33 | Create | Villager (Male) |
| 10:33 | Create | Villager (Male) |
| 10:43 | Build | Mill |
| 10:50 | Create | Scout Cavalry |
| 10:50 | Create | Scout Cavalry |
| 10:54 | Build | Farm |
| 10:55 | Create | Villager (Male) |
| 11:01 | Build | Farm |
| 11:09 | Create | Spearman |
| 11:30 | Build | Farm |
| 11:40 | Create | Scout Cavalry |
| 11:57 | Build | House |
| 12:01 | Build | Palisade Wall |
| 12:05 | Build | Palisade Wall |
| 12:30 | Build | Archery Range |
| 12:33 | Build | House |
| 12:34 | Create | Scout Cavalry |
| 12:47 | Build | House |
| 13:11 | Create | Villager (Male) |
| 13:11 | Create | Villager (Male) |
| 13:11 | Create | Villager (Male) |
| 13:32 | Build | Watch Tower |
| 13:39 | Create | Scout Cavalry |
| 13:46 | Build | Mining Camp |
| 13:52 | Build | Farm |
| 13:56 | Create | Scout Cavalry |
| 14:26 | Create | Villager (Male) |
| 14:30 | Build | Farm |
| 14:41 | Create | Skirmisher |
| 14:42 | Create | Skirmisher |
| 15:02 | Create | Scout Cavalry |
| 15:13 | Create | Villager (Male) |
| 15:16 | Create | Skirmisher |
| 15:26 | Build | Lumber Camp |
| 15:32 | Create | Scout Cavalry |
| 15:33 | Create | Villager (Male) |
| 15:33 | Create | Villager (Male) |
| 15:34 | Create | Villager (Male) |
| 16:03 | Create | Villager (Male) |
| 16:36 | Create | Villager (Male) |
| 16:36 | Create | Villager (Male) |
| 17:04 | Create | Villager (Male) |
| 17:04 | Create | Villager (Male) |
| 17:06 | Build | Farm |
| 17:07 | Build | Farm |
| 17:15 | Create | Villager (Male) |
| 17:18 | Build | Mining Camp |
| 17:52 | Build | Farm |
| 17:53 | Build | Farm |
| 17:55 | Build | Farm |
| 17:55 | Build | Farm |
| 18:09 | Build | Farm |
| 18:48 | Build | Farm |
| 18:52 | Build | House |
| 18:55 | Build | House |
| 19:10 | Build | Farm |
| 19:18 | Build | Blacksmith |
| 19:29 | Build | House |
| 19:44 | Build | Lumber Camp |
| 19:53 | Create | Skirmisher |
| 20:53 | Research | Castle Age |
| 20:53 | Research | Castle Age |
| 20:57 | Build | Mining Camp |
| 21:48 | Build | Watch Tower |
| 21:55 | Create | Villager (Male) |
| 21:55 | Create | Villager (Male) |
| 22:48 | Research | Gold Mining |
| 22:51 | Research | Double-Bit Axe |
| 23:02 | Research | Scale Barding Armor |
| 23:02 | Research | Scale Barding Armor |
| 23:06 | Research | Forging |
| 23:18 | Research | Horse Collar |
| 23:33 | Age | Castle Age |
| 23:39 | Build | Siege Workshop |
| 23:46 | Research | Husbandry |
| 23:47 | Create | Knight |
| 23:47 | Create | Knight |
| 23:50 | Create | Villager (Male) |
| 23:50 | Create | Villager (Male) |
| 23:59 | Create | Battering Ram |
| 24:00 | Create | Battering Ram |
| 24:07 | Build | House |
| 24:12 | Build | Palisade Wall |
| 24:34 | Build | Farm |
| 24:36 | Build | Farm |
| 24:36 | Build | Farm |
| 24:38 | Build | Farm |
| 24:39 | Build | Farm |
| 24:47 | Create | Villager (Male) |
| 24:47 | Create | Villager (Male) |
| 24:47 | Create | Villager (Male) |
| 24:56 | Build | Watch Tower |
| 25:16 | Create | Battering Ram |
| 25:34 | Build | Mining Camp |
| 25:48 | Build | House |
| 25:53 | Build | Palisade Wall |
| 25:54 | Build | Palisade Wall |
| 25:58 | Build | House |
| 26:07 | Create | Knight |
| 26:07 | Create | Knight |
| 26:09 | Create | Villager (Male) |
| 26:09 | Create | Villager (Male) |
| 26:09 | Create | Villager (Male) |
| 26:18 | Build | Lumber Camp |
| 26:29 | Research | Chain Barding Armor |
| 26:42 | Create | Knight |
| 27:00 | Create | Battering Ram |
| 27:10 | Build | Monastery |
| 27:27 | Create | Villager (Male) |
| 27:27 | Create | Villager (Male) |
| 27:46 | Build | House |
Match timeline
| 4:30 | SUMMER · wall_segment Palisade Wall x1 |
| 8:22 | SUMMER · wall_segment Palisade Wall x21 |
| 8:34 | Racknagor · first_building Barracks |
| 9:13 | SUMMER · first_building Barracks |
| 9:53 | Racknagor · age_up feudal |
| 9:58 | Racknagor · first_building Stable |
| 10:19 | SUMMER · age_up feudal |
| 12:01 | Racknagor · wall_segment Palisade Wall x8 |
| 12:05 | Racknagor · wall_segment Palisade Wall x1 |
| 12:30 | Racknagor · first_building Archery Range |
| 12:55 | SUMMER · wall_segment Palisade Wall x7 |
| 13:04 | SUMMER · wall_segment Palisade Wall x1 |
| 13:04 | SUMMER · wall_segment Palisade Wall x1 |
| 13:04 | SUMMER · wall_segment Palisade Wall x2 |
| 13:04 | SUMMER · wall_segment Palisade Wall x1 |
| 13:05 | SUMMER · wall_segment Palisade Wall x2 |
| 13:05 | SUMMER · wall_segment Palisade Wall x2 |
| 13:05 | SUMMER · wall_segment Palisade Wall x1 |
| 13:05 | SUMMER · wall_segment Palisade Wall x1 |
| 13:06 | SUMMER · wall_segment Palisade Wall x1 |
| 13:52 | SUMMER · wall_segment Palisade Wall x14 |
| 15:13 | SUMMER · wall_segment Palisade Wall x11 |
| 16:40 | SUMMER · first_building Stable |
| 23:33 | Racknagor · age_up castle |
| 23:39 | Racknagor · first_building Siege Workshop |
| 24:12 | Racknagor · wall_segment Palisade Wall x1 |
| 24:49 | SUMMER · wall_segment Stone Wall x1 |
| 24:49 | SUMMER · wall_segment Stone Wall x1 |
| 24:49 | SUMMER · wall_segment Stone Wall x2 |
| 24:50 | SUMMER · wall_segment Stone Wall x1 |
| 24:50 | SUMMER · wall_segment Stone Wall x1 |
| 24:50 | SUMMER · wall_segment Stone Wall x1 |
| 24:50 | SUMMER · wall_segment Stone Wall x2 |
| 24:51 | SUMMER · wall_segment Stone Wall x2 |
| 24:51 | SUMMER · wall_segment Stone Wall x1 |
| 25:53 | Racknagor · wall_segment Palisade Wall x5 |
| 25:54 | Racknagor · wall_segment Palisade Wall x1 |
| 27:10 | Racknagor · first_building Monastery |
| 27:52 | SUMMER · age_up castle |
| 31:05 | SUMMER · first_building Monastery |
| 31:50 | SUMMER · first_market_buy 100 stone |
| 33:16 | Racknagor · first_market_sell 100 wood |
| 33:55 | Racknagor · resign |
[ AI ANALYSIS · 1 CREDIT ]
What really happened in this match?
Wolo.gg analyzes every decision: build order, eco, micro, common mistakes by bracket. Personalized analysis on WhatsApp or Discord in 30 seconds.
Civ guide
Byzantines
Perfil
Jugador #25845906